 Dungeon Crawl Stone Soup version 0.27.1-4-g1640c2035a (webtiles) character file.

Game seed: 13562210010163292161

57 raph the Digger (level 3, -6/28 HPs)
             Began as a Deep Dwarf Earth Elementalist on Nov 6, 2021.
             Splashed by Ijyb's acid (11 damage)
             ... on level 3 of the Dungeon.
             The game lasted 00:04:37 (2587 turns).

raph the Digger (Deep Dwarf Earth Elementalist)     Turns: 2587, Time: 00:04:37

Health: -6/28      AC:  0    Str: 11    XL:     3   Next: 73%
Magic:  1/4        EV: 12    Int: 16    God:
Gold:   105        SH:  0    Dex: 13    Spells: 2/5 levels left

rFire    . . .     SeeInvis +   a - +1 hand axe (freeze)
rCold    . . .     Faith    .   (no shield)
rNeg     . . .     Spirit   .   b - +0 robe
rPois    .         Reflect  .   (no helmet)
rElec    .         Harm     .   (no cloak)
rCorr    .         Rampage  .   (no gloves)
Will     +....                  h - +1 pair of boots
Stlth    ++........             (no amulet)
HPRegen  0.00/turn              l - ring of willpower
MPRegen  0.09/turn              n - ring of see invisible

@: corroded
A: damage resistance, heal wounds, sense surroundings 1, no regeneration
a: Heal Wounds


You were on level 3 of the Dungeon.
You visited 1 branch of the dungeon, and saw 3 of its levels.

You collected 105 gold pieces.

Inventory:

Hand Weapons
 a - a +1 hand axe of freezing (weapon)
Missiles
 c - 35 stones
Armour
 b - a +0 robe (worn)
 h - a +1 pair of boots (worn)
Jewellery
 l - a ring of willpower (left hand)
 n - a ring of see invisible (right hand)
Scrolls
 e - a scroll of teleportation {unknown}
Potions
 k - a potion of might


   Skills:
 - Level 2.1 Dodging
 - Level 2.4 Stealth
 + Level 1.8 Spellcasting
 - Level 0.8 Transmutations
 * Level 6.2 Earth Magic


You had 2 spell levels left.
You knew the following spells:

 Your Spells              Type           Power      Damage    Failure   Level
a - Sandblast             Erth           42%        2d11      1%          1
b - Passwall              Tmut/Erth      10%        N/A       8%          2

Your spell library contained the following spells:

 Spells                   Type           Power      Damage    Failure   Level
 Apportation              Tloc           2%         N/A       22%         1
 Static Discharge         Conj/Air       1%         N/A       32%         2
 Stone Arrow              Conj/Erth      22%        3d8       17%         3
 Petrify                  Tmut/Erth      12%        N/A       43%         4
 Alistair's Intoxication  Tmut/Pois      1%         N/A       99%         5
 Lightning Bolt           Conj/Air       0%         1d11      99%         5
 Invisibility             Hex            0%         N/A       100%        6
 Maxwell's Capacitive Co  Air            0%         ∞         100%        8


Dungeon Overview and Level Annotations

Branches:
Dungeon (3/15)

Altars:

Annotations:
D:3 Ijyb


Innate Abilities, Weirdness & Mutations

You are resistant to damage.
You can heal yourself by infusing magical energy.
You passively map a small area around you.
You do not regenerate.


Message History

The blast of sand hits Ijyb but does no damage.
Aiming: Sandblast (safe; 1% risk of failure)
Press: ? - help, Q - select action, (/) - cycle Shift-Dir - straight line, f/p - Ijyb
Aim: Ijyb, wielding a +0 dagger, wearing a +0 leather armour and carrying a wand of acid (11) (76% to hit)
The blast of sand hits Ijyb.
Ijyb is lightly wounded.
Ijyb zaps a wand.
The bolt of acid hits you!
You are splashed with acid!
* * * LOW HITPOINT WARNING * * *
Aiming: Sandblast (safe; 1% risk of failure)
Press: ? - help, Q - select action, (/) - cycle Shift-Dir - straight line, f/p - Ijyb
Aim: Ijyb, wielding a +0 dagger, wearing a +0 leather armour and carrying a wand of acid (10) (lightly wounded, 76% to hit)
The blast of sand hits Ijyb but does no damage.
Ijyb is lightly wounded.
You fail to use your ability.
Ijyb hits you with a +0 dagger.
Your magical essence is drained by the effort!
You feel much better. Ijyb hits you but does no damage.
Drop what? 9/52 slots (_ for help) (? for menu, Esc to quit)
Drop what? 9/52 slots (_ for help) (? for menu, Esc to quit)
You drop a scroll of blinking.
Ijyb hits you with a +0 dagger.
Unknown command.
Aiming: Sandblast (safe; 1% risk of failure)
Press: ? - help, Q - select action, (/) - cycle Shift-Dir - straight line, f/p - Ijyb
Aim: Ijyb, wielding a +0 dagger, wearing a +0 leather armour and carrying a wand of acid (10) (lightly wounded, 76% to hit)
The blast of sand hits Ijyb.
Ijyb is moderately wounded.
Ijyb completely misses you.
Aiming: Sandblast (safe; 1% risk of failure)
Press: ? - help, Q - select action, (/) - cycle Shift-Dir - straight line, f/p - Ijyb
Aim: Ijyb, wielding a +0 dagger, wearing a +0 leather armour and carrying a wand of acid (10) (moderately wounded, 76% to hit)
The blast of sand misses Ijyb.
The blast of sand hits the worm!
The worm is heavily wounded.
Ijyb hits you with a +0 dagger.
You don't have enough magic to cast this spell.
Unknown command.
You hit Ijyb but do no damage.
Ijyb is moderately wounded.
Ijyb zaps a wand.
The bolt of acid hits you!
* * * LOW HITPOINT WARNING * * *
The acid corrodes you!
You are splashed with acid!
You die...

#.##........#.#.#..# #..........
..#####.#####.#.##.# *,........#
### ###..####.#.##.## .........
..###.......#.#.....## ,.........
#.......###.#......... ,.........
#....##.###........... ..........
..#####.<.......gw...............
### #........####* *#.........#
#......#wg@.### #.#.......#
#......####...# #.######..#
#......# ###.###.#####....
######## #.†.......(....
#.............. #..............
#.............. ###############


You could see Ijyb and a worm.

Vanquished Creatures
  2 adders
  A worm (D:2)
  5 bats
  An endoplasm (D:2)
  4 hobgoblins
  2 quokkas
  8 ball pythons
  2 frilled lizards
  4 goblins
  4 kobolds
  2 rats
35 creatures vanquished.

Vanquished Creatures (others)
  5 plants (D:2)
5 creatures vanquished.

Grand Total: 40 creatures vanquished

Notes
Turn   | Place    | Note
-------+----------+-------------------------------------------
     0 | D:1      | raph the Deep Dwarf Earth Elementalist began the quest for
                  | the Orb.
     0 | D:1      | Reached XP level 1. HP: 15/15 MP: 3/3
   272 | D:1      | Reached XP level 2. HP: 22/22 MP: 2/4
   817 | D:2      | Reached skill level 5 in Earth Magic
  1020 | D:2      | Reached XP level 3. HP: 28/28 MP: 3/5
  1069 | D:2      | Found a faded altar of an unknown god.
  1469 | D:2      | Learned a level 2 spell: Passwall
  1912 | D:3      | Reached skill level 6 in Earth Magic
  2576 | D:3      | Noticed Ijyb
  2580 | D:3      | HP: 1/28 [acid (13)]
  2587 | D:3      | Splashed by Ijyb's acid

Illustrated notes

Levels and vault maps discovered:
D:1:      lemuel_arrival_rhombus, layout_basic, minivault_11
D:2:      layout_loops_ring, shapermc_ecumenical_altar_acropolis,
          kennysheep_doodads, chequers_big_river
D:3:      layout_rooms, nzn_wu_jian_contemplation, nicolae_underground_beach,
          uniq_ijyb

Skill      XL: |  1  2  3 |
---------------+----------+-----
Earth Magic    | 5 6 |  6.2
Dodging        | |  2.1
Stealth        | |  2.4
Spellcasting   | |  1.8
Transmutations | |  0.8

Action                   || total
-------------------------++-------
Melee: Hand axe          ||    31
 Cast: Sandblast         ||    41
 Abil: Heal Wounds       ||     1
  Use: Scroll            ||     9
 Stab: Sleeping          ||     5
Armor: Robe              ||    14
Dodge: Dodged            ||    28
